 Dungeon Crawl Stone Soup version 0.27.1-2-g3b301248ec (webtiles) character file.

Game seed: 14240495792454693040

113 Dexcius the Chopper (level 4, -3/61 HPs)
             Began as a Minotaur Berserker on Sept 25, 2021.
             Was a Believer of Trog.
             Killed from afar by Grinder (4 damage)
             ... with a puff of flame
             ... on level 3 of the Dungeon.
             The game lasted 00:05:33 (2029 turns).

Dexcius the Chopper (Minotaur Berserker)            Turns: 2029, Time: 00:05:33

Health: -3/61      AC:  6    Str: 22    XL:     4   Next: 65%
Magic:  3/3        EV: 11    Int:  4    God:    Trog [**....]
Gold:   106        SH:  0    Dex: 10    Spells: 3/3 levels left

rFire    + . .     SeeInvis .   a - +0 hand axe
rCold    . . .     Faith    .   (no shield)
rNeg     . . .     Spirit   .   j - +0 ring mail
rPois    .         Reflect  .   (helmet restricted)
rElec    .         Harm     .   (no cloak)
rCorr    .         Rampage  .   k - +0 pair of gloves
Will     +....                  (no boots)
Stlth    ..........             (no amulet)
HPRegen  0.20/turn              c - ring of willpower
MPRegen  0.08/turn              i - ring of protection from fire

@: berserking, very quick
A: horns 2, retaliatory headbutt
a: Renounce Religion, Berserk, Trog's Hand


You were on level 3 of the Dungeon.
You worshipped Trog.
Trog was pleased with you.
You visited 1 branch of the dungeon, and saw 3 of its levels.

You collected 106 gold pieces.

Inventory:

Hand Weapons
 a - a +0 hand axe (weapon)
Armour
 j - a +0 ring mail (worn)
 k - a +0 pair of gloves (worn)
Jewellery
 c - a ring of willpower (left hand)
 i - a ring of protection from fire (right hand)
Scrolls
 d - a scroll of identify {unknown}
 e - a scroll of magic mapping {unknown}
 g - a scroll of teleportation {unknown}
Potions
 b - a potion of cancellation {unknown}
 f - a potion of curing {unknown}
 h - 2 potions of magic {unknown}


   Skills:
 + Level 4.5 Fighting
 + Level 5.3 Axes
 + Level 2.9 Armour
 + Level 2.9 Dodging
 + Level 0.1 Stealth


You had 3 spell levels left.
You didn't know any spells.
Your spell library was empty.

Dungeon Overview and Level Annotations

Branches:
Dungeon (3/15)

Altars:

Annotations:
D:3 Grinder


Innate Abilities, Weirdness & Mutations

You have a pair of horns on your head.
You reflexively headbutt those who attack you in melee.


Message History

Your will is overpowered!
You are confused.
You barely miss Ijyb.
Ijyb is almost dead.
Ijyb hits you with a +0 spectral club. Ijyb hits you with a +0 spectral club.
Grinder blinks!
Items here: ! $ )) †.
You bump into the rock wall.
Ijyb barely misses you.
Grinder says, "Mostly I couldn't keep them alive."
Grinder gestures at you. You resist with some effort.
You miss Ijyb.
Ijyb is almost dead.
Ijyb zaps a wand.
You resist with almost no effort.
Grinder zaps a wand.
The puff of flame misses you.
You hit Ijyb but do no damage.
Ijyb is almost dead.
You feel less confused. Ijyb closely misses you.
Grinder says, "There's only one good use for a tongue: cutting it out."
Ijyb hits you but does no damage.
You hit Ijyb.
Ijyb is almost dead.
Ijyb closely misses you. You furiously retaliate!
You headbutt Ijyb.
You kill Ijyb!
Trog accepts your kill.
You barely miss Grinder. Your headbutt misses Grinder. Grinder hits you.
You writhe in agony.
You closely miss Grinder. Grinder hits you.
* * * LOW HITPOINT WARNING * * *
You writhe in agony.
* * * LOW HITPOINT WARNING * * *
A red film seems to cover your vision as you go berserk!
You feel yourself moving faster!
You feel mighty! Grinder hits you.
* * * LOW HITPOINT WARNING * * *
You writhe in agony.
* * * LOW HITPOINT WARNING * * *
You slash Grinder!
Grinder is lightly wounded.
Grinder zaps a wand.
The puff of flame hits you. You resist.
You die...

#.......#
#####...#
######...#.#
##..).#...#...
##.).)....#####.#
#.).).........# #
#.#.....######.#
#####...)#.#
#.##@..#
#.###5...... ...
......# ####
......# .......
.....<# .....##
######


You could see Grinder.

Vanquished Creatures
  Ijyb (D:3)
  A gnoll (D:1)
  2 adders
  A worm (D:2)
  3 dart slugs (D:1)
  6 ball pythons
  3 endoplasms
  4 giant cockroaches
  3 hobgoblins
  4 jackals (D:2)
  6 kobolds
  3 quokkas
  4 bats
  2 frilled lizards
  3 goblins
  5 rats
51 creatures vanquished.

Notes
Turn   | Place    | Note
-------+----------+-------------------------------------------
     0 | D:1      | Dexcius the Minotaur Berserker began the quest for the Orb.
     0 | D:1      | Reached XP level 1. HP: 19/19 MP: 0/0
    11 | D:1      | Reached skill level 4 in Axes
    11 | D:1      | Reached XP level 2. HP: 23/27 MP: 1/1
   145 | D:1      | Found a faded altar of an unknown god.
   277 | D:1      | Reached XP level 3. HP: 25/33 MP: 2/2
   978 | D:2      | Reached ** piety under Trog
  1519 | D:2      | Reached skill level 5 in Axes
  1519 | D:2      | Reached XP level 4. HP: 27/40 MP: 3/3
  2006 | D:3      | Noticed Ijyb
  2012 | D:3      | Noticed Grinder
  2025 | D:3      | Killed Ijyb
  2028 | D:3      | HP: 1/61 [Grinder (3)]
  2029 | D:3      | Killed from afar by Grinder

Illustrated notes

Levels and vault maps discovered:
D:1:      saegor_arrival_simple_a, layout_basic,
          shapermc_ecumenical_altar_starsandcircs
D:2:      layout_basic
D:3:      kennysheep_big_flooded_room, layout_basic, uniq_grinder, uniq_terence,
          uniq_crazy_yiuf_cottage, uniq_ijyb

Skill      XL: |  1  2  3 |
---------------+----------+-----
Axes           | 4 5 |  5.3
Fighting       | 4 |  4.5
Armour         | |  2.9
Dodging        | |  2.9
Stealth        | |  0.1

Action                   |  1- 3 |  4- 6 || total
-------------------------+-------+-------++-------
Melee: Hand axe          |    73 |    29 ||   102
       Headbutt          |    13 |     2 ||    15
Invok: Berserk           |     1 |     1 ||     2
Armor: Animal skin       |    15 |       ||    15
       Ring mail         |     3 |     8 ||    11
Dodge: Dodged            |    46 |    16 ||    62
